 Dungeon Crawl Stone Soup version 0.30-a0-586-g23e55c9e0a (webtiles) character file.

Game seed: 3774463183254278151

105 Dirtsage the Slasher (level 4, -3/31 (33) HPs)
             Began as a Demonspawn Brigand on Jan 3, 2023.
             Killed by nerve-wracking pain
             ... invoked by an orc priest
              (14 damage)
             ... on level 3 of the Dungeon.
             The game lasted 00:06:29 (2304 turns).

Dirtsage the Slasher (Demonspawn Brigand)           Turns: 2304, Time: 00:06:30

HP:   -3/31 (33)    AC: 19    Str: 12    XL:     4   Next: 54%
MP:   4/4           EV: 10    Int: 12    God:
Gold: 48            SH:  0    Dex: 16    Spells: 3/3 levels left

rFire   . . .      SeeInvis +    a - +2 dagger
rCold   . . .      Faith    .    (no shield)
rNeg    . . .      Spirit   .    h - +0 ring mail
rPois   .          Reflect  .    (no helmet)
rElec   .          Harm     .    c - +0 cloak
rCorr   .          Rampage  .    (no gloves)
Will    .....                    (no boots)
Stlth   ++                       (no amulet)
HPRegen 0.25/turn                S - ring of see invisible
MPRegen 0.09/turn                k - +4 ring of protection

@: sanguine armoured, drained
A: sanguine armour 2
a: no special abilities


You were on level 3 of the Dungeon.
You visited 1 branch of the dungeon, and saw 3 of its levels.

You collected 138 gold pieces.
You spent 90 gold pieces at shops.

Inventory:

Hand Weapons
 a - a +2 dagger (weapon)
Missiles
 d - 9 poisoned darts (quivered)
 e - 3 curare-tipped darts
 i - 5 silver javelins
Armour
 b - a +0 robe
 c - a +0 cloak (worn)
 h - a +0 ring mail (worn)
Jewellery
 k - a +4 ring of protection (right hand)
 n - a ring of magical power
 S - a ring of see invisible (left hand)
Scrolls
 g - 2 scrolls of poison {unknown}
 m - a scroll of identify {unknown}
 t - 2 scrolls of teleportation
Potions
 f - a potion of might {unknown}
 j - a potion of brilliance {unknown}
 l - a potion of heal wounds
 o - a potion of attraction {unknown}
 q - 2 potions of curing


   Skills:
 - Level 2.0 Fighting
 - Level 1.7(3.1) Short Blades
 * Level 3.9(4.1) Long Blades
 - Level 1.7 Throwing
 - Level 0.8 Dodging
 - Level 3.6 Stealth


You had 3 spell levels left.
You didn't know any spells.
Your spell library contained the following spells:

 Spells                   Type           Power      Damage    Failure   Level
 Shock                    Conj/Air       0%         1d3       58%         1
 Ozocubu's Armour         Ice            0%         N/A       92%         3
 Swiftness                Air            0%         N/A       92%         3
 Airstrike                Air            0%         2d(0-16)  100%        4
 Petrify                  Tmut/Erth      0%         N/A       100%        4
 Metabolic Englaciation   Hex/Ice        0%         N/A       100%        5
 Simulacrum               Ice/Necr       0%         N/A       100%        6
 Statue Form              Tmut/Erth      0%         N/A       100%        6


Dungeon Overview and Level Annotations

Branches:
Dungeon (3/15)

Altars:

Shops:
D:1 (   D:2 [(![!


Innate Abilities, Weirdness & Mutations

When seriously injured, your blood forms thick armour. (AC +9)


Message History

You kill the kobold!
No target in view!
An orc comes into view.
It is wielding a +0 falchion of draining.
You see here a smoky grey potion.
An orc comes into view. It is wielding a +0 whip.
An orc priest and 2 orcs come into view.
The orc priest shouts!
The orc shouts!
You see here a smoky grey potion.
The orc hits you with a +0 falchion of draining.
You feel drained.
You take 4 damage, and have 29/32 hp.
You closely miss the orc. The orc misses you.
You hit the orc.
The orc is heavily wounded.
The orc hits you but does no damage.
You feel drained.
You hit the orc.
You kill the orc!
The orc hits you with a +0 flail.
Things that are here:
a +0 falchion of draining; an orc corpse You take 4 damage, and have 25/31 hp.
You hit the orc.
The orc is heavily wounded.
The orc hits you but does no damage.
You hit the orc.
The orc is almost dead.
The orc hits you but does no damage.
The orc priest mumbles some strange prayers to Beogh against you.
Beogh smites you!
Your blood congeals into armour.
You take 15 damage, and have 10/31 hp.
MASSIVE DAMAGE!!
You hit the orc.
You kill the orc!
You closely miss the orc priest.
The orc priest hits you but does no damage.
You hit the orc priest.
The orc priest is lightly wounded.
The orc priest calls down the wrath of Beogh upon you.
Pain shoots through your body!
You die...

.................................
.................................
#####################.....#######
### #.....# ..# #####.# ..# #.#
..# #.# ..# ############# #.# ###
#..!..o@....# #.# ..#
#.#########.####'##..# ..+
#......# #..........# ..#
#......# #..).......# ..#
#..o...# #..........# ..#
........# #.........##
.######...o.oo.# #........##
......###......# ##......##
......# ##.....# ...##....


You could see an orc priest.

Vanquished Creatures
  2 adders
  4 worms
  2 dart slugs
  2 orcs (D:3)
  4 ball pythons
  5 endoplasms
  9 giant cockroaches
  4 goblins
  5 hobgoblins
  4 jackals (D:2)
  A quokka (D:1)
  6 bats (D:2)
  3 frilled lizards
  8 kobolds
  4 rats
63 creatures vanquished.

Notes
Turn   | Place    | Note
-------+----------+-------------------------------------------
     0 | D:1      | Dirtsage the Demonspawn Brigand began the quest for the
                  | Orb.
     0 | D:1      | Reached XP level 1. HP: 16/16 MP: 1/1
    32 | D:1      | Reached skill level 1 in Long Blades
   100 | D:1      | Gained mutation: When seriously injured, your blood forms
                  | armour. (AC +9) [demonic ancestry]
   100 | D:1      | Reached XP level 2. HP: 22/22 MP: 2/2
   158 | D:1      | Found Fostauga's Antique Weapon Shop.
   713 | D:1      | Reached XP level 3. HP: 25/27 MP: 3/3
  1071 | D:2      | Found Foneatyu's Armour Shop.
  1073 | D:2      | Found Guniczom's Distillery.
  1078 | D:2      | Bought a potion of curing for 30 gold pieces
  1133 | D:2      | Found Tateol's Antique Weapon Shop.
  1499 | D:2      | Found Zipnoass's Antique Armour Shop.
  1506 | D:2      | Gained mutation: When seriously injured, your blood forms
                  | thick armour. (AC +9) [demonic ancestry]
  1506 | D:2      | Reached XP level 4. HP: 31/33 MP: 4/4
  1677 | D:2      | Found Muxomeosch's Distillery.
  1724 | D:2      | Bought a potion of heal wounds for 60 gold pieces
  2022 | D:3      | Found a faded altar of an unknown god.
  2304 | D:3      | Killed from afar by an orc priest

Illustrated notes

Levels and vault maps discovered:
D:1:      psy_arrival_conway, layout_basic, serial_shops, shop,
          minmay_worlds_worst_comb
D:2:      layout_loops_corners, serial_shops, shop, nicolae_shop_crystal,
          nicolae_shop_overgrown_old_shop, nicolae_shop_window_shopping,
          nicolae_shop_hallway_plus, minmay_fractal_squares_5
D:3:      layout_basic, shapermc_ecumenical_altar_totnotflames

Skill      XL: |  1  2  3 |
---------------+----------+-----
Long Blades    | 1 2 3 |  3.9
Fighting       | |  2.0
Short Blades   | |  1.7
Throwing       | |  1.7
Dodging        | |  0.8
Stealth        | |  3.6

Action                   |  1- 3 |  4- 6 || total
-------------------------+-------+-------++-------
Melee: Dagger            |   142 |    56 ||   198
  Use: Scroll            |       |     1 ||     1
 Stab: Sleeping          |    13 |     5 ||    18
Armor: Robe              |     7 |       ||     7
       Ring mail         |    40 |    16 ||    56
Dodge: Dodged            |    48 |    15 ||    63

Table legend: (Time is in decaauts)
 A = Elapsed time spent in this place.
 B = Non-inter-level travel time spent in this place.
 C = Inter-level travel time spent in this place.
 D = Time resting spent in this place.
 E = Time spent auto-exploring this place.
 F = Levels seen in this place.
 G = Mean time per level.
                   A        B        C        D        E       F      G
               +--------+--------+--------+--------+--------+-----+--------+
         Total |   2281 |   2222 |     59 |      0 |   1809 |   3 |  760.3 |
       Dungeon |   2281 |   2222 |     59 |      0 |   1809 |   3 |  760.3 |
               +--------+--------+--------+--------+--------+-----+--------+

Top non-repeatable levels by time:
     D:2: 1024 daAuts
     D:1: 938 daAuts
     D:3: 317 daAuts
